XFBL
CHICAGO WHITE SOX @ DETROIT TIGERS
05/08/1982
 
TOP OF THE 1ST
Chicago White Sox batting - Pitching for Detroit Tigers : LHP Dave McNally
Pitching: LHP Dave McNally
Batting: SHB Ozzie Smith 0-0: Called Strike
0-1: Ground out 6-3 (Groundball, 6, EV 83.1 MPH)
Batting: LHB Rudy Law 0-0: Ball
1-0: Swinging Strike
1-1: Called Strike
1-2: Ground out 4-3 (Groundball, 4, EV 106.3 MPH)
Batting: RHB Steve Henderson 0-0: Ball
1-0: Called Strike
1-1: Called Strike
1-2: Foul Ball, location: 2F
1-2: Ball
2-2: Ball
3-2: Foul Ball, location: 2F
3-2: Foul Ball, location: 2F
3-2: SINGLE (Groundball, 6MD, EV 94.4 MPH)
Batting: LHB Mitchell Page 0-0: Ball
Steve Henderson is caught stealing 2nd base 2-6
Top of the 1st over - 0 runs, 1 hit, 0 errors, 0 left on base; Chicago 0 - Detroit 0
BOTTOM OF THE 1ST
Detroit Tigers batting - Pitching for Chicago White Sox : RHP Pete Vuckovich
Pitching: RHP Pete Vuckovich
Batting: SHB Lee Mazzilli 0-0: Ball
1-0: Called Strike
1-1: Called Strike
1-2: Ball
2-2: Foul Ball, location: 2F
2-2: Strikes out swinging
Batting: RHB Rusty Tillman 0-0: Ball
1-0: Ground out 6-3 (Groundball, 6S, EV 79.4 MPH)
Batting: SHB Tony Phillips 0-0: Ball
1-0: Ground out 5-3 (Groundball, 56S, EV 81.3 MPH)
Bottom of the 1st over - 0 runs, 0 hits, 0 errors, 0 left on base; Chicago 0 - Detroit 0
TOP OF THE 2ND
Chicago White Sox batting - Pitching for Detroit Tigers : LHP Dave McNally
Batting: LHB Mitchell Page 0-0: Ball
1-0: Fly out, F7 (Flyball, 7, EV 92.5 MPH)
Batting: RHB Tim Teufel 0-0: Ball
1-0: Ball
2-0: Called Strike
2-1: Swinging Strike
2-2: Foul Ball, location: 2F
2-2: Ball
3-2: Ground out 5-3 (Groundball, 56, EV 102.5 MPH)
Batting: SHB Dwayne Taggart 0-0: Ball
1-0: Called Strike
1-1: Ball
2-1: Foul Ball, location: 2F
2-2: Ball
3-2: Strikes out swinging
Top of the 2nd over - 0 runs, 0 hits, 0 errors, 0 left on base; Chicago 0 - Detroit 0
BOTTOM OF THE 2ND
Detroit Tigers batting - Pitching for Chicago White Sox : RHP Pete Vuckovich
Batting: LHB Greg Brock 0-0: Swinging Strike
0-1: Foul Ball, location: 2F
0-2: Foul Ball, location: 2F
0-2: Ball
1-2: Strikes out looking
Batting: RHB Dave Kingman 0-0: Foul Ball, location: 2F
0-1: Ball
1-1: Called Strike
1-2: Fly out, F8 (Flyball, 8RXD, EV 92.5 MPH)
Batting: RHB Larry Parrish 0-0: Called Strike
0-1: Ball
1-1: Foul Ball, location: 2F
1-2: SOLO HOME RUN (Line Drive, 7D, EV 101.3 MPH), Distance : 390 ft
Batting: LHB Larry Harlow 0-0: Called Strike
0-1: Called Strike
0-2: Ball
1-2: Foul Ball, location: 2F
1-2: Strikes out swinging
Bottom of the 2nd over - 1 run, 1 hit, 0 errors, 0 left on base; Chicago 0 - Detroit 1
TOP OF THE 3RD
Chicago White Sox batting - Pitching for Detroit Tigers : LHP Dave McNally
Batting: LHB Ryan MacFarland 0-0: Ball
1-0: Called Strike
1-1: Ball
2-1: Fly out, F9 (Flyball, 9LM, EV 104.4 MPH)
Batting: RHB Jose Castro 0-0: Called Strike
0-1: Fly out, F8 (Flyball, 89XD, EV 85.0 MPH)
Batting: LHB Steve Christmas 0-0: Called Strike
0-1: Called Strike
0-2: Ball
1-2: Ball
2-2: Ball
3-2: SINGLE (Line Drive, 56, EV 105.6 MPH)
Batting: SHB Ozzie Smith 0-0: Called Strike
0-1: Swinging Strike
0-2: Ball
1-2: Ball
2-2: Foul Ball, location: 2F
2-2: Fly out, F3 (Popup, 34, EV 71.9 MPH)
Top of the 3rd over - 0 runs, 1 hit, 0 errors, 1 left on base; Chicago 0 - Detroit 1
BOTTOM OF THE 3RD
Detroit Tigers batting - Pitching for Chicago White Sox : RHP Pete Vuckovich
Batting: LHB Dan Graham 0-0: Ball
1-0: Swinging Strike
1-1: Ball
2-1: Called Strike
2-2: Ball
3-2: Strikes out swinging
Batting: RHB Mike Sproles 0-0: Ball
1-0: Ball
2-0: Called Strike
2-1: Ball
3-1: Foul Ball, location: 2F
3-2: Ground out 5-3 (Groundball, 56, EV 91.9 MPH)
Batting: SHB Lee Mazzilli 0-0: Swinging Strike
0-1: Foul Ball, location: 2F
0-2: Ball
1-2: Foul Ball, location: 2F
1-2: Ground out 3-1 (Groundball, 34, EV 103.1 MPH)
Bottom of the 3rd over - 0 runs, 0 hits, 0 errors, 0 left on base; Chicago 0 - Detroit 1
TOP OF THE 4TH
Chicago White Sox batting - Pitching for Detroit Tigers : LHP Dave McNally
Batting: LHB Rudy Law 0-0: Ball
1-0: Ball
2-0: Ball
3-0: Base on Balls
Batting: RHB Steve Henderson 0-0: Ball
Rudy Law steals 2nd base (no throw)
1-0: Called Strike
Rudy Law steals 3rd base
1-1: SINGLE (Groundball, 34D, EV 105.6 MPH)
Rudy Law scores
Batting: LHB Mitchell Page 0-0: Ball
1-0: Ball
2-0: Called Strike
2-1: Ball
3-1: Swinging Strike
3-2: Foul Ball, location: 2F
3-2: Foul Ball, location: 2F
3-2: Strikes out looking
Batting: RHB Tim Teufel 0-0: Ball
Steve Henderson steals 2nd base
1-0: Fly out, F6 (Flyball, 6D, EV 89.4 MPH)
Batting: SHB Dwayne Taggart 0-0: Intentional Walk
Batting: LHB Ryan MacFarland 0-0: Called Strike
0-1: Fielders Choice at 2nd, 5-4 (Groundball, 56, EV 89.4 MPH)
Top of the 4th over - 1 run, 1 hit, 0 errors, 2 left on base; Chicago 1 - Detroit 1
BOTTOM OF THE 4TH
Detroit Tigers batting - Pitching for Chicago White Sox : RHP Pete Vuckovich
Batting: RHB Rusty Tillman 0-0: Ball
1-0: Ball
2-0: Called Strike
2-1: Fly out, F8 (Line Drive, 8LS, EV 95.6 MPH)
Batting: SHB Tony Phillips 0-0: Foul Ball, location: 2F
0-1: Ground out 4-3 (Groundball, 4S, EV 67.5 MPH)
Batting: LHB Greg Brock 0-0: Ball
1-0: Ball
2-0: SINGLE (Flyball, 8LS, EV 89.4 MPH)
Batting: RHB Dave Kingman 0-0: Ball
1-0: Foul Ball, location: 2F
1-1: Ball
2-1: Ground out 5-3 (Groundball, 56S, EV 88.8 MPH)
Bottom of the 4th over - 0 runs, 1 hit, 0 errors, 1 left on base; Chicago 1 - Detroit 1
TOP OF THE 5TH
Chicago White Sox batting - Pitching for Detroit Tigers : LHP Dave McNally
Batting: RHB Jose Castro 0-0: Called Strike
0-1: Ball
1-1: Foul Ball, location: 2F
1-2: Fly out, F8 (Flyball, 8LXD, EV 75.6 MPH)
Batting: LHB Steve Christmas 0-0: Called Strike
0-1: Fly out, F4 (Popup, 34D, EV 59.4 MPH)
Batting: SHB Ozzie Smith 0-0: Swinging Strike
0-1: Ball
1-1: Ball
2-1: Swinging Strike
2-2: Ball
3-2: SINGLE (Line Drive, 34, EV 105.0 MPH)
Batting: LHB Rudy Law 0-0: Ball
Ozzie Smith steals 2nd base
1-0: Ball
2-0: Fly out, F7 (Flyball, 7LD, EV 97.5 MPH)
Top of the 5th over - 0 runs, 1 hit, 0 errors, 1 left on base; Chicago 1 - Detroit 1
BOTTOM OF THE 5TH
Detroit Tigers batting - Pitching for Chicago White Sox : RHP Pete Vuckovich
Batting: RHB Larry Parrish 0-0: Ball
1-0: Ball
2-0: Ground out 6-3 (Groundball, 6, EV 103.8 MPH)
Batting: LHB Larry Harlow 0-0: Fly out, F9 (Flyball, 9S, EV 83.8 MPH)
Batting: LHB Dan Graham 0-0: Called Strike
0-1: Swinging Strike
0-2: Strikes out looking
Bottom of the 5th over - 0 runs, 0 hits, 0 errors, 0 left on base; Chicago 1 - Detroit 1
TOP OF THE 6TH
Chicago White Sox batting - Pitching for Detroit Tigers : LHP Dave McNally
Batting: RHB Steve Henderson 0-0: Ball
1-0: DOUBLE (Line Drive, 78D, EV 106.9 MPH)
Batting: LHB Mitchell Page 0-0: Called Strike
0-1: Foul Ball, location: 2F
0-2: Foul Ball, location: 2F
0-2: Ball
1-2: SINGLE (Line Drive, 34D, EV 99.4 MPH)
Steve Henderson to third
Runner from 3rd tries for Home, SAFE, throw by RF to home
Mitchell Page to second
Batting: RHB Tim Teufel 0-0: Ball
1-0: Swinging Strike
1-1: Fly out, F4 (Flyball, 34D, EV 90.0 MPH)
Batting: SHB Dwayne Taggart 0-0: Intentional Walk
Batting: LHB Ryan MacFarland 0-0: Ball
1-0: Called Strike
1-1: Ball
2-1: Called Strike
2-2: Foul Ball, location: 2F
2-2: Ball
3-2: Ground out 5-3 (Groundball, 5, EV 89.4 MPH)
Mitchell Page to third
Dwayne Taggart to second
Batting: RHB Jose Castro 0-0: Intentional Walk
Batting: LHB Steve Christmas 0-0: Called Strike
0-1: Foul Ball, location: 2F
0-2: Ball
1-2: Ball
2-2: Foul Ball, location: 2F
2-2: Ground out U3 (Groundball, 3S, EV 79.4 MPH)
Top of the 6th over - 1 run, 2 hits, 0 errors, 3 left on base; Chicago 2 - Detroit 1
BOTTOM OF THE 6TH
Detroit Tigers batting - Pitching for Chicago White Sox : RHP Pete Vuckovich
Batting: RHB Mike Sproles 0-0: Called Strike
0-1: Ball
1-1: Ball
2-1: Ground out 4-3 (Groundball, 4, EV 76.3 MPH)
Batting: SHB Lee Mazzilli 0-0: Foul Ball, location: 2F
0-1: Ball
1-1: Ball
2-1: Ball
3-1: Base on Balls
Batting: RHB Rusty Tillman 0-0: Called Strike
0-1: Ball
Lee Mazzilli is caught stealing 2nd base 2-4
1-1: Called Strike
1-2: Ground out 6-3 (Groundball, 6, EV 102.5 MPH)
Bottom of the 6th over - 0 runs, 0 hits, 0 errors, 0 left on base; Chicago 2 - Detroit 1
TOP OF THE 7TH
Chicago White Sox batting - Pitching for Detroit Tigers : LHP Dave McNally
Batting: SHB Ozzie Smith 0-0: Called Strike
0-1: Ball
1-1: Called Strike
1-2: Ball
2-2: DOUBLE (Line Drive, 7LM, EV 110.0 MPH)
Batting: LHB Rudy Law 0-0: Ground out U3 (Groundball, 3L, EV 81.3 MPH)
Ozzie Smith to third
Batting: RHB Steve Henderson 0-0: Intentional Walk
Batting: LHB Mitchell Page 0-0: Ball
Steve Henderson steals 2nd base
1-0: Ball
2-0: Called Strike
2-1: Called Strike
2-2: Strikes out swinging
Batting: RHB Tim Teufel 0-0: Called Strike
0-1: Ball
1-1: 3-RUN HOME RUN (Line Drive, 7D, EV 105.0 MPH), Distance : 393 ft
Batting: SHB Dwayne Taggart 0-0: Foul Ball, location: 2F
0-1: Fly out, F4 (Popup, 34S, EV 66.3 MPH)
Top of the 7th over - 3 runs, 2 hits, 0 errors, 0 left on base; Chicago 5 - Detroit 1
BOTTOM OF THE 7TH
Detroit Tigers batting - Pitching for Chicago White Sox : RHP Pete Vuckovich
Batting: SHB Tony Phillips 0-0: Ball
1-0: Foul Ball, location: 2F
1-1: Called Strike
1-2: Ball
2-2: Ground out 6-3 (Groundball, 6D, EV 106.9 MPH)
Batting: LHB Greg Brock 0-0: Called Strike
0-1: Ball
1-1: Ball
2-1: Ball
3-1: Base on Balls
Batting: RHB Dave Kingman 0-0: Called Strike
0-1: Ball
1-1: Ball
2-1: Foul Ball, location: 2F
2-2: Strikes out swinging
Batting: RHB Larry Parrish 0-0: Ball
1-0: 2-RUN HOME RUN (Flyball, 7D, EV 86.3 MPH), Distance : 387 ft
Batting: LHB Larry Harlow 0-0: Called Strike
0-1: Ball
1-1: Foul Ball, location: 2F
1-2: Fly out, F6 (Popup, 6, EV 53.8 MPH)
Bottom of the 7th over - 2 runs, 1 hit, 0 errors, 0 left on base; Chicago 5 - Detroit 3
TOP OF THE 8TH
Chicago White Sox batting - Pitching for Detroit Tigers : LHP Dave McNally
Batting: LHB Ryan MacFarland 0-0: Called Strike
0-1: Ball
1-1: Called Strike
1-2: Ground out 4-3 (Groundball, 4, EV 90.6 MPH)
Batting: RHB Jose Castro 0-0: Ball
1-0: Ball
2-0: Ground out 6-3 (Groundball, 6, EV 88.8 MPH)
Batting: LHB Steve Christmas 0-0: Ball
1-0: Swinging Strike
1-1: Ball
2-1: Ball
3-1: SINGLE (Groundball, P, EV 91.9 MPH) (infield hit)
Batting: SHB Ozzie Smith 0-0: Ground out 6-3 (Groundball, 6, EV 76.9 MPH)
Top of the 8th over - 0 runs, 1 hit, 0 errors, 1 left on base; Chicago 5 - Detroit 3
BOTTOM OF THE 8TH
Detroit Tigers batting - Pitching for Chicago White Sox : RHP Pete Vuckovich
Batting: LHB Dan Graham 0-0: Called Strike
0-1: Ball
1-1: Swinging Strike
1-2: Ground out U3 (Groundball, 3, EV 85.0 MPH)
Batting: RHB Mike Sproles 0-0: Swinging Strike
0-1: Hit by Pitch
Batting: SHB Lee Mazzilli 0-0: Ball
1-0: Swinging Strike
1-1: Foul Ball, location: 2F
1-2: Strikes out swinging
Batting: RHB Rusty Tillman 0-0: Ball
1-0: Ball
2-0: Fly out, F7 (Flyball, 7LS, EV 88.8 MPH)
Bottom of the 8th over - 0 runs, 0 hits, 0 errors, 1 left on base; Chicago 5 - Detroit 3
TOP OF THE 9TH
Chicago White Sox batting - Pitching for Detroit Tigers : LHP Dave McNally
Batting: LHB Rudy Law 0-0: Foul Ball, location: 2F
0-1: Ball
1-1: Ball
2-1: Ball
3-1: Called Strike
3-2: SINGLE (Groundball, 13S, EV 73.8 MPH) (infield hit)
Batting: RHB Steve Henderson 0-0: Ball
1-0: 2-RUN HOME RUN (Flyball, 7LD, EV 100.6 MPH), Distance : 362 ft
Pitching: RHP David Steuber
Batting: LHB Mitchell Page 0-0: Ball
1-0: Foul Ball, location: 2F
1-1: Foul Ball, location: 2F
1-2: Strikes out swinging
Batting: RHB Tim Teufel 0-0: Foul Ball, location: 2F
0-1: Foul Ball, location: 2F
0-2: Ball
1-2: Strikes out looking
Batting: SHB Dwayne Taggart 0-0: Ball
1-0: Called Strike
1-1: Ball
2-1: Ground out 3-1 (Groundball, 34S, EV 86.9 MPH)
Top of the 9th over - 2 runs, 2 hits, 0 errors, 0 left on base; Chicago 7 - Detroit 3
BOTTOM OF THE 9TH
Detroit Tigers batting - Pitching for Chicago White Sox : RHP Pete Vuckovich
Batting: SHB Tony Phillips 0-0: Called Strike
0-1: Called Strike
0-2: Ball
1-2: Foul Ball, location: 2F
1-2: Ball
2-2: Ground out U3 (Groundball, 3, EV 81.9 MPH)
Batting: LHB Greg Brock 0-0: Called Strike
0-1: Ball
1-1: Foul Ball, location: 2F
1-2: Foul Ball, location: 2F
1-2: Foul Ball, location: 2F
1-2: Foul Ball, location: 2F
1-2: Ball
2-2: Strikes out swinging
Batting: RHB Dave Kingman 0-0: Called Strike
0-1: Ball
1-1: Ball
2-1: Ball
Friday, July 24th, 2020 - OOTP Baseball 21.5 Build 71